 Dungeon Crawl Stone Soup version 0.20.1-1-g8b1a95d66d (webtiles) character file.

3847 NullDivider the Covert (level 10, 0/69 HPs)
             Began as an Octopode Artificer on Nov 23, 2017.
             Was a Priest of Nemelex Xobeh.
             Slain by a crocodile (8 damage)
             ... on level 8 of the Dungeon.
             The game lasted 01:21:41 (11783 turns).

NullDivider the Covert (Octopode Artificer)        Turns: 11783, Time: 01:21:42

Health: 0/69       AC:  1    Str: 11    XL:     10   Next: 18%
Magic:  15/15      EV:  2    Int: 19    God:    Nemelex Xobeh [***...]
Gold:   455        SH:  0    Dex: 16    Spells: 9/9 levels left

rFire    + . .     SeeInvis .   S - +1 dagger (venom)
rCold    . . .     Gourm    .   (no shield)
rNeg     + + +     Faith    .   (helmet restricted)
rPois    ∞         Spirit   .   z - amulet of rage
rElec    .         Reflect  .   o - ring of flight
rCorr    .         Harm     .   r - ring of protection from fire
MR       .....                  x - +5 ring of intelligence
Stlth    +++++.....             O - +1 ring of evasion
Regen    0.3/turn               (no ring)
MPRegen  0.2/turn               (no ring)
                                (no ring)
                                (no ring)

@: petrified
A: almost no armour, stealthy swim, amphibious, 8 rings, constrict 8, camouflage
1, gelatinous body 1
a: Triple Draw, Renounce Religion, Evoke Berserk Rage, Evoke Flight


You were on level 8 of the Dungeon.
You worshipped Nemelex Xobeh.
Nemelex Xobeh was most pleased with you.
You were not hungry.

You visited 2 branches of the dungeon, and saw 11 of its levels.

You collected 455 gold pieces.

Inventory:

Hand Weapons
 a - a +2 short sword of distortion
 k - a +2 short sword of speed
 S - a +1 dagger of venom (weapon)
Jewellery
 n - an uncursed amulet of faith
 o - a ring of flight (left tentacle)
 r - a ring of protection from fire (right tentacle)
 u - an uncursed ring of ice
 x - a +5 ring of intelligence (on tentacle)
 z - an amulet of rage (around mantle)
 O - a +1 ring of evasion (on tentacle)
Wands
 b - a wand of flame (0/48)
 c - a wand of enslavement (14/24)
 d - a wand of random effects (15/48)
 A - a wand of polymorph (10/24)
 U - a wand of paralysis (16/24)
Scrolls
 e - 5 scrolls of remove curse
 l - 6 scrolls of amnesia
 p - a scroll of recharging
 t - 4 scrolls of teleportation
 y - 2 scrolls of enchant weapon {unknown}
 C - a scroll of random uselessness {unknown}
 D - 2 scrolls of noise {unknown}
 E - a scroll of magic mapping {unknown}
 G - 3 scrolls of identify
 K - 2 scrolls of enchant armour {unknown}
 L - a scroll of fog {unknown}
 Q - a scroll of fear {unknown}
Potions
 g - 3 potions of haste {unknown}
 h - a potion of mutation {unknown}
 i - 4 potions of lignification {unknown}
 j - a potion of resistance {unknown}
 s - 2 potions of agility {unknown}
 v - 9 potions of curing
 w - 2 potions of invisibility {unknown}
 I - a potion of flight {unknown}
 J - 2 potions of heal wounds {unknown}
Books
 F - a book of Conjurations

   Spells                             Type                      Level
   a - Magic Dart                     Conjuration                  1
   b - Searing Ray                    Conjuration                  2
   c - Dazzling Spray                 Conjuration/Hexes            3
   d - Fulminant Prism                Conjuration/Hexes            4
   e - Force Lance                    Conjuration/Translocation    4
   f - Iskenderun's Mystic Blast      Conjuration                  4
Miscellaneous
 M - a plain deck of summoning {drawn: 6}
 N - a plain deck of destruction
 P - a plain deck of destruction
Comestibles
 f - 5 bread rations
 m - 4 fruits
 q - 2 chunks of flesh
 B - 2 royal jellies
 H - 3 meat rations


   Skills:
 + Level 6.4 Fighting
 + Level 6.5 Short Blades
 + Level 6.5 Dodging
 + Level 9.6 Stealth
 - Level 0.2 Invocations
 + Level 7.5 Evocations


You had 9 spell levels left.
You didn't know any spells.

Dungeon Overview and Level Annotations

Branches:
Dungeon (10/15)            Temple (1/1) D:4
   Lair: D:8-11         Orc: D:9-12

Altars:
Ashenzari
Cheibriados
Dithmenos
Elyvilon
Fedhas
Gozag
Hepliaklqana
Kikubaaqudgha
Makhleb
Nemelex Xobeh
Okawaru
Qazlal
Ru
Trog
Uskayaw
Vehumet
Xom
Yredelemnul
Zin
The Shining One

Annotations:
D:4 Allophanate's ghost, novice GrEE
D:5 birkhead's ghost, novice TrFi


Innate Abilities, Weirdness & Mutations

You cannot wear most types of armour.
You are very stealthy in the water. (Stealth+)
You are amphibious.
You can wear up to eight rings at the same time.
You can use your tentacles to constrict eight enemies at once.
Your skin changes colour to match your surroundings (Stealth+).
Your rubbery body absorbs attacks. (AC +1, EV +1)


Message History

The basilisk gazes at you.
You are slowing down.
Evoke which item? (* to show all) (? for menu, Esc to quit)
Aiming: Enslavement
Press: ? - help, Shift-Dir - straight line, f - basilisk
Aim: a basilisk (chance to defeat MR: 67%)
The basilisk struggles to resist.
This wand has 14 charges left.
You are no longer corroded.
The basilisk gazes at you.
Your limbs have turned to stone.
You have turned to stone.
The basilisk barely misses you. The crocodile bites you.
* * * LOW HITPOINT WARNING * * *
The basilisk bites you!
* * * LOW HITPOINT WARNING * * *
The basilisk gazes at you. You resist with some effort.
The crocodile bites you!
* * * LOW HITPOINT WARNING * * *
The crocodile bites you!
You die...
Your body glows slightly and disappears.

## #.###.........#.#.....##
### #
#.##..........#.......... # #
##.##.####.###.....###.##. #
# #.....# #.###.#.#.# ... #
#...#.# #.......#... ... #
###################### ##
####..######.#####
#..#.###tt.......### #
#####.....l@.###.....# ##
....#..†........###.###..####
#. .....$.....#.###.# ##
###...###. .?.#.....##.## ###
####...# ..........##....#
#.#### #.#..##..## ###.# ###
# ##. #### ##


You could see a basilisk and 2 crocodiles.

Vanquished Creatures
  A two-headed ogre (D:4)
  Prince Ribbit (D:6)
  A hippogriff (D:8)
  Eustachio (D:6)
  Menkaure (D:5)
  An acid dragon (D:8)
  A black bear (D:7)
  2 ogres (D:6)
  2 centaurs
  3 bullfrogs
  A wyvern zombie (D:8)
  A scorpion (D:7)
  A killer bee (D:7)
  2 bullfrog zombies
  A crimson imp (D:5)
  2 bullfrog skeletons (D:5)
  6 centaur skeletons
  A gnoll shaman (D:6)
  4 hounds
  5 orc priests
  4 orc wizards
  3 iguanas (D:7)
  5 worker ants
  A killer bee zombie (D:7)
  9 gnolls
  A howler monkey skeleton (D:4)
  16 adders
  3 shadow imps (D:7)
  4 worms
  6 dart slugs
  4 leopard geckos
  28 orcs
  5 giant cockroaches
  6 goblins
  7 hobgoblins
  12 jackals
  6 quokkas
  3 ball pythons
  4 bats
  3 frilled lizards
  2 jackal zombies (D:5)
  6 kobolds
  2 quokka skeletons
  A quokka zombie (D:7)
  11 rats
190 creatures vanquished.

Vanquished Creatures (collateral kills)
  2 orc warriors
  A sky beast (D:7)
  An ogre (D:5)
  Blork the orc (D:6)
  3 killer bees (D:7)
  2 orc wizards (D:8)
  An adder (D:7)
  An orc (D:8)
  A quokka (D:7)
13 creatures vanquished.

Grand Total: 203 creatures vanquished

Notes
Turn   | Place    | Note
-------+----------+-------------------------------------------
     0 | D:1      | NullDivider the Octopode Artificer began the quest for the Orb.
     0 | D:1      | Reached XP level 1. HP: 13/13 MP: 3/3
   216 | D:1      | Reached XP level 2. HP: 17/18 MP: 4/4
   563 | D:1      | Reached skill level 2 in Stealth
   724 | D:1      | Reached XP level 3. HP: 13/24 MP: 5/5
  1558 | D:2      | Reached skill level 3 in Stealth
  1670 | D:2      | Reached XP level 4. HP: 29/29 MP: 6/6
  2623 | D:3      | Reached XP level 5. HP: 34/34 MP: 7/7
  2793 | D:3      | Found an opulent altar of Gozag.
  3027 | D:3      | Reached skill level 4 in Stealth
  3425 | D:3      | Found a shadowy altar of Dithmenos.
  3882 | D:4      | Found a staircase to the Ecumenical Temple.
  3887 | Temple   | Entered the Ecumenical Temple
  3902 | Temple   | Became a worshipper of Nemelex Xobeh the Trickster
  4178 | D:4      | Noticed Allophanate's ghost (novice GrEE)
  4190 | D:4      | Found a burning altar of Makhleb.
  4244 | D:4      | Reached XP level 6. HP: 41/41 MP: 8/8
  4262 | D:4      | Found an iron altar of Okawaru.
  4360 | D:4      | Received a gift from Nemelex Xobeh
  4490 | D:4      | Noticed a two-headed ogre
  4510 | D:4      | Killed a two-headed ogre
  4510 | D:4      | Reached skill level 6 in Stealth
  4510 | D:4      | Reached XP level 7. HP: 21/48 MP: 8/10
  4510 | D:4      | Reached XP level 8. HP: 24/54 MP: 8/11
  5156 | D:5      | Entered Level 5 of the Dungeon
  5231 | D:5      | Found a shattered altar of Ashenzari.
  5240 | D:5      | Noticed Edmund
  5242 | D:5      | Noticed Edmund
  5242 | D:5      | Edmund changed into Edmund the bullfrog
  5251 | D:5      | Killed Edmund the bullfrog
  5251 | D:5      | Reached skill level 5 in Evocations
  5262 | D:5      | Found an ancient bone altar of Kikubaaqudgha.
  5273 | D:5      | Noticed Menkaure
  5279 | D:5      | Killed Menkaure
  5282 | D:5      | Reached * piety under Nemelex Xobeh
  5532 | D:5      | Noticed birkhead's ghost (novice TrFi)
  5962 | D:5      | Reached skill level 7 in Stealth
  6203 | D:6      | Noticed Eustachio
  6210 | D:6      | Killed Eustachio
  6210 | D:6      | Reached skill level 5 in Dodging
  6224 | D:6      | Noticed Blork the orc
  6229 | D:6      | Received a gift from Nemelex Xobeh
  6667 | D:6      | Reached skill level 5 in Short Blades
  6742 | D:6      | Noticed Prince Ribbit
  6745 | D:6      | Reached ** piety under Nemelex Xobeh
  6812 | D:6      | Killed Prince Ribbit
  6812 | D:6      | Reached skill level 5 in Fighting
  6812 | D:6      | Reached XP level 9. HP: 14/61 MP: 13/13
  7190 | D:6      | Received a gift from Nemelex Xobeh
  7358 | D:6      | Reached skill level 8 in Stealth
  8106 | D:6      | Killed Blork the orc
  9433 | D:7      | Found a sacrificial altar of Ru.
  9437 | D:7      | Found a glowing silver altar of Zin.
  9840 | D:7      | You fall through a shaft for 3 floors!
  9840 | D:10     | Entered Level 10 of the Dungeon
  9847 | D:10     | Received a gift from Nemelex Xobeh
 10191 | D:7      | Reached skill level 9 in Stealth
 10806 | D:8      | Reached XP level 10. HP: 31/68 MP: 15/15
 11018 | D:8      | Reached *** piety under Nemelex Xobeh
 11783 | D:8      | Slain by a crocodile

Skill      XL: |  1  2  3  4  5  6  7  8  9 |
---------------+----------------------------+-----
Stealth        | 2 3 4 6 7 9 |  9.6
Fighting       | 2 4 5 6 |  6.4
Short Blades   | 2 4 5 6 |  6.5
Dodging        | 3 4 5 6 |  6.5
Evocations     | 4 6 7 |  7.5
Invocations    | |  0.2

Action                   |  1- 3 |  4- 6 |  7- 9 | 10-12 || total
-------------------------+-------+-------+-------+-------++-------
Melee: Short sword       |    54 |    78 |   253 |       ||   385
       Constrict         |    14 |    32 |    57 |    12 ||   115
       Tentacles         |    10 |    25 |    56 |    13 ||   104
       Dagger            |       |    54 |       |    46 ||   100
 Abil: Evoke Berserk Rag |       |     1 |       |       ||     1
       Evoke Flight      |       |       |     1 |       ||     1
Evoke: Wand              |       |       |    15 |     2 ||    17
       Deck              |       |       |    16 |     1 ||    17
  Use: Scroll            |       |     7 |     1 |     1 ||     9
       Potion            |       |       |       |     1 ||     1
 Stab: Sleeping          |    14 |    18 |    19 |       ||    51
       Distracted        |       |     1 |     3 |       ||     4
       Paralysed         |       |       |       |     1 ||     1
  Eat: Chunk             |     2 |     9 |    15 |     4 ||    30
       Fruit             |       |       |     3 |       ||     3
       Royal jelly       |       |       |     1 |       ||     1
Armor: Skin              |     1 |     3 |     5 |     2 ||    11
Dodge: Dodged            |    19 |    51 |   110 |    33 ||   213
